 Dungeon Crawl Stone Soup version 0.18-a0-921-g28655ce (webtiles) character file.

5567 4thArraOfDagon the Basher (level 10, -4/113 HPs)
             Began as an Ogre Hunter on Dec 27, 2015.
             Was an Elder of Makhleb.
             Slain by a hippogriff (6 damage)
             ... on level 10 of the Dungeon.
             The game lasted 00:18:59 (3105 turns).

4thArraOfDagon the Basher (Ogre Hunter)             Turns: 3105, Time: 00:18:59

Health: -4/113     AC:  7    Str: 20    XL:     10   Next: 72%
Magic:  15/15      EV: 12    Int: 12    God:    Makhleb [****..]
Gold:   460        SH:  4    Dex: 10    Spells: 0 memorised, 9 levels left

rFire  . . .     SeeInvis .     N - +8 trident of the Octopus King {venom, rElec rPois MR+}
rCold  . . .     Gourm    .     b - +1 robe
rNeg   + . .     Faith    .     (no shield)
rPois  +         Spirit   .     (helmet restricted)
rElec  +         Dismiss  .     u - +2 cloak
rCorr  .         Reflect  +     (gloves unavailable)
SustAt .         Harm     .     (boots unavailable)
MR     ++...                    h - +4 amulet of reflection
Stlth  ..........               y - ring of loudness
                                v - ring of positive energy

@: very resistant to hostile enchantments, extremely unstealthy
A: unfitting armour, tough skin 1
a: Minor Destruction, Lesser Servant of Makhleb, Major Destruction, Renounce
Religion


You were on level 10 of the Dungeon.
You worshipped Makhleb.
Makhleb was greatly pleased with you.
You were not hungry.

You visited 2 branches of the dungeon, and saw 11 of its levels.
You also visited: Bailey.

You collected 460 gold pieces.

Inventory:

Hand Weapons
 a - a +5 quarterstaff of chaos
 i - the +3 mace "Danueg" {drain, rC+ MR+ Int+3 Dex-5}
   (You found it on level 8 of the Dungeon)

   A truly terrible weapon, it drains the life of those it strikes.
   It affects your intelligence (+3).
   It affects your dexterity (-5).
   It protects you from cold.
   It affects your resistance to hostile enchantments.
 l - a +0 club
 p - a +2 whip of electrocution
 z - a +1 whip of electrocution
 A - the +1 hand axe "Acho" {chop, rF- rN+++ MP+9 Stlth-}
   (You found it on level 7 of the Dungeon)

   It inflicts extra damage upon your enemies.
   It makes you vulnerable to fire.
   It renders you almost immune to negative energy.
   It affects your magic capacity (+9).
   It makes you less stealthy.
 B - a +3 flail of protection
 E - a +0 giant spiked club
 N - the +8 trident of the Octopus King (weapon) {venom, rElec rPois MR+}
   (You found it on level 10 of the Dungeon)

   It poisons the flesh of those it strikes.
   It insulates you from electricity.
   It protects you from poison.
   It affects your resistance to hostile enchantments.
Missiles
 c - 9 large rocks (quivered)
 d - 2 throwing nets
Armour
 b - a +1 robe (worn)
 e - a +0 shield
 u - a +2 cloak (worn)
Jewellery
 h - a +4 amulet of reflection (around neck)
 v - a ring of positive energy (left hand)
 y - a ring of loudness (right hand)
Wands
 n - a wand of random effects (21/48)
 w - a wand of digging (4/24)
 x - a wand of lightning (4/15)
 C - a wand of magic darts (8/48)
 M - a wand of fireball (4/15)
Scrolls
 m - 3 scrolls of teleportation
 r - 2 scrolls of enchant armour
 s - a scroll of immolation
 t - 2 scrolls of fog
 D - 3 scrolls of enchant weapon
 H - a scroll of recharging {unknown}
 L - a scroll of acquirement {BAILEY, unknown}
Potions
 k - a potion of brilliance {unknown}
 o - 2 potions of magic {unknown}
 q - a potion of resistance {unknown}
 I - a potion of agility {BAILEY}
 K - a potion of heal wounds
Comestibles
 f - 4 bread rations
 g - 6 meat rations
 j - 2 fruits
 F - a beef jerky
 J - 4 chunks of flesh


   Skills:
 + Level 11.1 Fighting
 * Level 14.7 Maces & Flails
 - Level 4.0 Throwing
 + Level 7.2 Dodging
 - Level 0.7 Stealth
 + Level 7.0 Invocations
 - Level 1.5 Evocations


You had 9 spell levels left.
You didn't know any spells.

Dungeon Overview and Level Annotations

Branches:
Dungeon (10/15)            Temple (1/1) D:6
   Lair: D:8-11         Orc: D:9-12

Altars:
Gozag
Makhleb
Qazlal
Vehumet
Xom
Yredelemnul
The Shining One

Annotations:
D:2 Sigmund


Innate Abilities, Weirdness & Mutations

You are too large for most types of armour.
You have tough skin (AC +1).


Message History

You feel sick.
Unknown command.
Unknown command.
You feel sick.
Unknown command.
Things that are here:
a scorpion corpse; a worker ant corpse Drink which item? (? for menu, Esc to quit)
You feel better. The hippogriff bites you.
* * * LOW HITPOINT WARNING * * *
The hippogriff barely misses you. The hippogriff claws you.
* * * LOW HITPOINT WARNING * * *
Unknown command.
Unknown command.
Unknown command.
Unknown command.
Unknown command.
Unknown command.
The hippogriff bites you.
You die...

#........P...#
.#
#.S.P.P.P..P.#
.#
##PP.P.P....#
##.##
.....P....#
#..> ........#
#..#
.......s#####
#..#
........5.5.#
#####..#
......#.###.#
#..†...#
...>....#
#.####@###.##
........#
#......H...#
........#
######.#####
.....##.# #.#
#....##... #.#
#....##...#
...
##.#.##...#
.#.
.#)#.##..## ..
.. .#....# ##
##


You could see a hippogriff.

Vanquished Creatures
  A hill giant (D:10)
  2 hippogriffs (D:10)
  7 orc warriors (Bailey)
  3 ogres
  A black bear (D:7)
  A phantom (D:6)
  A necrophage (D:10)
  A centaur (D:8)
  2 big kobolds
  3 giant frogs
  A scorpion (D:10)
  5 killer bees (D:10)
  2 jellies
  2 giant frog zombies
  2 crimson imps
  2 hounds
  2 orc priests
  Crazy Yiuf (D:2)
  Ijyb (D:2)
  4 iguanas
  5 worker ants
  5 orc wizards
  19 gnolls
  7 adders
  A river rat (D:10)
  3 shadow imps
  A white imp (D:6)
  A worm (D:2)
  35 orcs
  A giant cockroach (D:2)
  12 hobgoblins
  3 jackals
  4 quokkas
  4 bats
  A giant cockroach zombie (D:6)
  2 giant geckos
  2 giant gecko skeletons
  3 giant newts
  23 goblins
  8 kobolds
  A quokka skeleton (D:6)
  8 rats
193 creatures vanquished.

Vanquished Creatures (others)
  13 fungi (D:10)
  3 plants (D:10)
16 creatures vanquished.

Grand Total: 209 creatures vanquished

Notes
Turn   | Place    | Note
--------------------------------------------------------------
     0 | D:1      | 4thArraOfDagon the Ogre Hunter began the quest for the Orb.
     0 | D:1      | Reached XP level 1. HP: 22/22 MP: 1/1
   134 | D:1      | Reached skill level 1 in Maces & Flails
   258 | D:1      | Reached XP level 2. HP: 26/31 MP: 2/2
   321 | D:2      | Noticed Ijyb
   341 | D:2      | Killed Ijyb
   341 | D:2      | Reached XP level 3. HP: 28/37 MP: 3/3
   369 | D:2      | Noticed Crazy Yiuf
   371 | D:2      | Reached skill level 6 in Fighting
   371 | D:2      | Reached skill level 9 in Maces & Flails
   371 | D:2      | Reached XP level 4. HP: 53/53 MP: 4/4
   380 | D:2      | Paralysed by something for 3 turns
   424 | D:2      | Killed Crazy Yiuf
   609 | D:2      | Reached XP level 5. HP: 61/61 MP: 5/5
   711 | D:2      | Noticed Sigmund
   849 | D:4      | Noticed a phantom
   905 | D:5      | Entered Level 5 of the Dungeon
   917 | D:5      | Reached XP level 6. HP: 62/68 MP: 6/6
   991 | D:6      | Reached skill level 10 in Maces & Flails
  1037 | D:6      | Found a staircase to the Ecumenical Temple.
  1068 | Temple   | Entered the Ecumenical Temple
  1081 | Temple   | Became a worshipper of Makhleb the Destroyer
  1222 | D:6      | Found a shimmering altar of Xom.
  1229 | D:6      | Found an opulent altar of Gozag.
  1306 | D:6      | Reached XP level 7. HP: 76/78 MP: 7/7
  1486 | D:7      | Found a radiant altar of Vehumet.
  1554 | D:7      | Reached * piety under Makhleb
  1578 | D:7      | Reached skill level 1 in Evocations
  1578 | D:7      | Reached XP level 8. HP: 69/87 MP: 8/8
  1691 | D:6      | Found a glowing golden altar of the Shining One.
  1814 | D:7      | Reached skill level 1 in Invocations
  1907 | D:7      | Found a flagged portal.
  1915 | D:7      | Got a fine hand axe
  1928 | Bailey   | Entered a bailey
  1929 | Bailey   | Identified the cursed +1 hand axe "Acho" {chop, rF- rN+++ MP+9 Stlth-} (You found it on level 7 of the Dungeon)
  1985 | Bailey   | Reached skill level 11 in Maces & Flails
  2027 | Bailey   | Reached ** piety under Makhleb
  2227 | Bailey   | Reached XP level 9. HP: 93/97 MP: 9/11
  2248 | Bailey   | Reached *** piety under Makhleb
  2360 | Bailey   | Noticed an orc knight
  2360 | Bailey   | Noticed an orc warlord
  2360 | Bailey   | Noticed an orc knight
  2421 | Bailey   | Reached skill level 10 in Fighting
  2421 | Bailey   | Reached skill level 14 in Maces & Flails
  2421 | Bailey   | Reached XP level 10. HP: 85/111 MP: 11/14
  2658 | D:8      | Got a polished mace
  2659 | D:8      | Identified the +3 mace "Danueg" {drain, rC+ MR+ Int+3 Dex-5} (You found it on level 8 of the Dungeon)
  2737 | D:9      | Reached **** piety under Makhleb
  2803 | D:10     | Entered Level 10 of the Dungeon
  3021 | D:10     | Noticed a hill giant
  3030 | D:10     | Killed a hill giant
  3100 | D:10     | HP: 1/113 [hippogriff (6)]
  3105 | D:10     | Slain by a hippogriff

Vault maps used:
D:1:      minmay_arrival_loop
D:2:      nicolae_overflow_hidden_temple, uniq_crazy_yiuf_cottage, uniq_iyjb,
          uniq_sigmund
D:3:      serial_corexii_hall, corexii_hall_statues_t, corexii_hall_statues_t,
          gup_sewer_entry_bubbles
D:4:      lemuel_blue_sif_altar, lemuel_crystal_altar
D:5:      first_bread, serial_shops, shop, grunt_dithmenos_shadows
D:6:      minitemple, tgw_trog, minmay_temple_entry_glass, basic_altar,
          minmay_fire_ice_demons
D:7:      vehumet_altar_wand_db, enter_bailey_2
D:8:      nicolae_ru_great_annihilating_truth, serial_shops, shop, uniq_pikel,
          uniq_maurice
D:9:      lemuel_doored_altar
D:10:     grunt_lair_entry_orc_guard_hut, minmay_orc_entry_guard_dogs
Temple:   bh_familiar_temple
Bailey:   bailey_axe_minmay_hex_keep, bailey

Action                   |  1- 3 |  4- 6 |  7- 9 | 10-12 || total
-------------------------+-------+-------+-------+-------++-------
Melee: Whip              |    23 |    12 |   199 |   147 ||   381
       Short sword       |     4 |       |       |       ||     4
       Hand axe          |     8 |     7 |       |       ||    15
       Club              |     1 |       |       |       ||     1
       Quarterstaff      |       |    92 |       |       ||    92
       Flail             |       |       |    62 |       ||    62
       Giant spiked club |       |       |    14 |       ||    14
       Trident           |       |       |       |    47 ||    47
Throw: Large rock        |     5 |       |     8 |     2 ||    15
Evoke: Wand              |       |       |     2 |       ||     2
  Use: Scroll            |     4 |     3 |     3 |     2 ||    12
       Potion            |     2 |       |     1 |     4 ||     7
 Stab: Sleeping          |     1 |       |       |       ||     1
  Eat: Chunk             |       |     1 |     4 |     3 ||     8
